 Dungeon Crawl Stone Soup version 0.27-a0-475-g4587593e40 (webtiles) character file.

Game seed: 9517035404555623301

7942 CryoSword the Destroyer (level 11, -24/67 HPs)
             Began as a Gargoyle Earth Elementalist on Mar 1, 2021.
             Was an Initiate of Dithmenos.
             Annihilated by a boulder beetle (42 damage)
             ... on level 10 of the Dungeon.
             The game lasted 00:26:01 (12065 turns).

CryoSword the Destroyer (GrEE)                     Turns: 12065, Time: 00:26:01

Health: -24/67     AC: 19    Str: 14    XL:     11   Next: 23%
Magic:  3/18       EV: 12    Int: 23    God:    Dithmenos [......]
Gold:   707        SH:  0    Dex: 10    Spells: 5/20 levels left

rFire    . . .     SeeInvis .   a - +3 morningstar
rCold    . . .     Faith    .   (no shield)
rNeg     + . .     Spirit   .   E - +0 troll leather armour
rPois    ∞         Reflect  .   x - +2 hat
rElec    +         Harm     .   K - +0 cloak
rCorr    .         Rampage  .   (no gloves)
Will     .....                  D - +2 pair of boots
Stlth    ++........             (no amulet)
HPRegen  1.21/turn              f - +6 ring of intelligence
MPRegen  0.16/turn              J - ring of wizardry

@: studying Slings
A: negative energy resistance 1, electricity resistance, unbreathing,
petrification resistance, miasma immunity, AC +8
a: Renounce Religion


You were on level 10 of the Dungeon.
You worshipped Dithmenos.
Dithmenos was noncommittal.
You visited 2 branches of the dungeon, and saw 11 of its levels.
You also visited: Sewer.

You collected 707 gold pieces.

Inventory:

Hand Weapons
 a - a +3 morningstar (weapon)
   (You took it off a wight on level 10 of the Dungeon)
Missiles
 b - 66 stones
 g - 37 poisoned darts (quivered)
 q - 4 boomerangs
 I - a curare-tipped dart
Armour
 x - a +2 hat (worn)
   (You found it on level 5 of the Dungeon)
 D - a +2 pair of boots (worn)
   (You found it on level 6 of the Dungeon)
 E - a +0 troll leather armour (worn)
   (You found it on level 7 of the Dungeon)
 K - a +0 cloak (worn)
   (You found it on level 9 of the Dungeon)
Magical Staves
 w - a staff of conjuration
   (You found it on level 6 of the Dungeon)
Jewellery
 f - a +6 ring of intelligence (left hand)
   (You found it on level 1 of the Dungeon)
 n - a ring of protection from fire
   (You found it on level 3 of the Dungeon)
 J - a ring of wizardry (right hand)
   (You found it on level 9 of the Dungeon)
Wands
 F - a wand of acid (10)
   (You found it on level 7 of the Dungeon)
Scrolls
 d - 5 scrolls of blinking
 h - 2 scrolls of random uselessness {unknown}
 i - 7 scrolls of teleportation {@r4}
 j - a scroll of brand weapon {unknown}
 p - 2 scrolls of enchant weapon
 u - a scroll of magic mapping {unknown}
 y - 2 scrolls of fear
 z - a scroll of immolation {unknown}
 A - a scroll of noise {unknown}
 B - 3 scrolls of fog {unknown}
 C - 2 scrolls of enchant armour {unknown}
 G - 4 scrolls of amnesia {unknown}
Potions
 c - 2 potions of heal wounds {@q2}
 e - a potion of invisibility
 k - 4 potions of lignification {!q}
 l - 8 potions of curing {@q1}
 o - 2 potions of attraction {!q}
 r - a potion of might
 t - 2 potions of mutation {!q}
 v - a potion of haste {@q3}
 H - a potion of magic
 L - a potion of brilliance


   Skills:
 + Level 7.6 Fighting
 + Level 6.5 Maces & Flails
 - Level 4.0 Armour
 + Level 3.8 Dodging
 - Level 4.0 Stealth
 - Level 5.0 Spellcasting
 * Level 9.4 Conjurations
 - Level 3.0 Transmutations
 - Level 8.7 Earth Magic


You had 5 spell levels left.
You knew the following spells:

 Your Spells              Type           Power        Failure   Level
a - Sandblast             Erth           90%          1%          1
b - Stone Arrow           Conj/Erth      94%          1%          3
c - Passwall              Tmut/Erth      26%          1%          2
d - Petrify               Tmut/Erth      32%          4%          4
e - Lee's Rapid Deconstr  Erth           22%          3%          5

Your spell library contained the following spells:

 Spells                   Type           Power        Failure   Level
 Magic Dart               Conj           100%         1%          1
 Conjure Flame            Conj/Fire      27%          1%          3
 Mephitic Cloud           Conj/Pois/Air  20%          4%          3
 Blink                    Tloc           N/A          7%          2
 Call Imp                 Summ           5%           7%          2
 Slow                     Hex            5%           7%          2


Dungeon Overview and Level Annotations

Branches:
Dungeon (10/15)            Temple (1/1) D:5             Orc (0/2) D:9
  Sewer (visited)
   Lair: D:8-11

Altars:
Ashenzari
Cheibriados
Dithmenos
Elyvilon
Fedhas
Gozag
Hepliaklqana
Kikubaaqudgha
Makhleb
Nemelex Xobeh
Okawaru
Qazlal
Ru
Sif Muna
Uskayaw
Vehumet
Wu Jian
Xom
Yredelemnul
Zin
The Shining One


Innate Abilities, Weirdness & Mutations

You are resistant to torment.
Your stone body is resilient. (AC +8)
You are immune to poison.
You resist negative energy. (rN+)
You are resistant to electric shocks. (rElec)
You can survive without breathing.
You are immune to petrification.
You are immune to miasma.


Message History

The centaur hits you but does no damage.
Aim: a centaur, quivering arrows (severely wounded, 15% to evade)
The stone arrow hits the centaur!!
You kill the centaur!
Dithmenos accepts your kill.
Things that are here:
a +0 shortbow; 18 arrows
l - 8 potions of curing {@q1} (gained 1)
Found a short sword.
You now have 665 gold pieces (gained 8).
Found a stone staircase leading up.
A komodo dragon comes into view.
The komodo dragon hisses angrily.
The komodo dragon moves out of view.
A komodo dragon is nearby!
A komodo dragon is nearby!
A komodo dragon is nearby!
The komodo dragon bites you!!
You are too injured to fight recklessly!
You are too injured to fight recklessly!
Unknown command.
Aim: a komodo dragon (13% to evade)
The blast of sand hits the komodo dragon but does no damage.
b - 66 stones The komodo dragon misses you.
Aim: a komodo dragon (18% to evade)
The stone arrow hits the komodo dragon!
The komodo dragon closely misses you.
Aim: a komodo dragon (lightly wounded, 18% to evade)
The stone arrow hits the komodo dragon!
The komodo dragon bites you!!
* * * LOW HITPOINT WARNING * * *
Aim: a komodo dragon (moderately wounded, 18% to evade)
The stone arrow hits the komodo dragon!
The komodo dragon bites you but does no damage.
Aim: a komodo dragon (severely wounded, 18% to evade)
The stone arrow hits the komodo dragon.
The komodo dragon barely misses you.
Aim: a komodo dragon (severely wounded, 18% to evade)
The stone arrow hits the komodo dragon!!
You kill the komodo dragon!
Dithmenos accepts your kill.
You start resting.
You start resting.
You see here a komodo dragon corpse.
You see here a +0 short sword.
An iguana comes into view.
An iguana is nearby!
An iguana is nearby!
The iguana hisses angrily.
The iguana bites you.
Aim: an iguana (21% to evade)
The stone arrow hits the iguana!!
You kill the iguana!
Dithmenos accepts your kill.
You see here an iguana corpse. 3 wights come into view.
Found 19 gold pieces.
There are monsters nearby!
There are monsters nearby!
Aim: a wight, wielding a +0 long sword and wearing a +0 robe (dormant, 0% to evade)
The stone arrow hits the wight!
Aim: a wight, wielding a +0 long sword and wearing a +0 robe (severely damaged, 24% to evade)
The stone arrow hits the wight.
Aim: a wight, wielding a +0 long sword and wearing a +0 robe (severely damaged, 24% to evade)
The stone arrow hits the wight!!
You destroy the wight!
Dithmenos accepts your kill.
Aim: a wight, wielding a +0 flail and wearing a +0 robe (moderately damaged, 24% to evade)
The stone arrow hits the wight!!
You destroy the wight!
Dithmenos accepts your kill.
Unknown command.
Aim: a wight, wielding a +3 morningstar and wearing a +0 robe (24% to evade)
The stone arrow hits the wight!!
You destroy the wight!
Dithmenos accepts your kill.
Items here: )) [[.
M - a +3 morningstar Drop what? 39/52 slots (_ for help) (? for menu, Esc to quit)
You are now empty-handed.
You drop a +0 morningstar.
M - a +3 morningstar (weapon)
You don't know that spell.
Unknown command.
Adjust to which letter? (? for menu, Esc to quit)
a - a +3 morningstar (weapon)
As you read the scroll of identify {@r1}, it crumbles to dust.
o - 2 potions of attraction
As you read the scroll of identify {@r1}, it crumbles to dust.
L - a potion of brilliance
As you read the scroll of identify {@r1}, it crumbles to dust.
s - 2 potions of degeneration
As you read the scroll of identify {@r1}, it crumbles to dust.
H - a potion of magic Drop what? 38/52 slots (_ for help) (? for menu, Esc to quit)
You drop 2 potions of degeneration {!q}.
As you read the scroll of identify {@r1}, it crumbles to dust.
p - 2 scrolls of enchant weapon
Things that are here:
a +0 long sword; a +0 robe You now have 684 gold pieces (gained 19).
You now have 707 gold pieces (gained 23).
A boulder beetle comes into view.
Found two altars.
A boulder beetle is nearby!
A boulder beetle is nearby!
An orc comes into view. It is wielding a +0 mace.
The boulder beetle curls into a ball and begins rolling!
Aim: a boulder beetle (0% to evade)
The stone arrow hits the boulder beetle but does no damage.
The boulder beetle hits you!!!
Ouch! That really hurt!
* * * LOW HITPOINT WARNING * * *
The boulder beetle stops rolling and uncurls.
The boulder beetle curls into a ball and begins rolling!
The boulder beetle hits you!!
* * * LOW HITPOINT WARNING * * *
The boulder beetle stops rolling and uncurls.
Found 7 curare-tipped darts.
The boulder beetle closely misses you.
Aim: a boulder beetle (0% to evade)
The stone arrow hits the boulder beetle!!
The boulder beetle closely misses you.
Aim: a boulder beetle (moderately wounded, 0% to evade)
The stone arrow hits the boulder beetle but does no damage.
The boulder beetle completely misses you.
Items here: ! )) [[.
The boulder beetle curls into a ball and begins rolling!
Aim: a boulder beetle (lightly wounded, 0% to evade)
The stone arrow hits the boulder beetle!
Aim: a boulder beetle (moderately wounded, 0% to evade)
The stone arrow hits the boulder beetle!
The boulder beetle closely misses you.
The boulder beetle stops rolling and uncurls.
Aim: a boulder beetle (heavily wounded, 0% to evade)
The stone arrow hits the boulder beetle.
The boulder beetle closely misses you.
Aim: a boulder beetle (heavily wounded, 0% to evade)
The stone arrow hits the boulder beetle.
The boulder beetle bites you.
* * * LOW HITPOINT WARNING * * *
The boulder beetle curls into a ball and begins rolling!
The boulder beetle hits you!!
* * * LOW HITPOINT WARNING * * *
The boulder beetle stops rolling and uncurls.
The boulder beetle curls into a ball and begins rolling!
The boulder beetle hits you.
* * * LOW HITPOINT WARNING * * *
The boulder beetle stops rolling and uncurls.
The boulder beetle curls into a ball and begins rolling!
The boulder beetle hits you!!!
Ouch! That really hurt!
You die...

#... #...# #.# #.# #..# #...
#...# #.# #.# #..# #... #...# #.#
#)# #..# #... #...# #.# #.# #..#
#... #...# #°# #.# #..# #...
#...# #°# #.# #..#
#...###...####○# #.#####..#
#............B.#####........##
....<...........@...............†
#################################


You could see a boulder beetle.

Vanquished Creatures
  3 two-headed ogres (D:9)
  An unseen horror (D:10)
  A komodo dragon (D:10)
  2 trolls
  6 yaks (D:9)
  A water moccasin (D:8)
  An acid dragon (D:8)
  4 sky beasts
  3 ice beasts
  A necrophage (D:9)
  A black bear (D:9)
  5 ogres
  3 centaurs
  A phantom (D:8)
  2 kobold brigands
  6 bullfrogs
  A scorpion (D:4)
  3 wights (D:10)
  A howler monkey (D:6)
  2 jellies
  A quasit (D:10)
  A bullfrog zombie (D:8)
  4 hounds
  A centaur skeleton (D:4)
  6 orc priests
  4 iguanas
  Ijyb (D:5)
  16 orc wizards
  6 worker ants
  2 worker ant zombies (D:7)
  5 gnolls
  4 river rats
  8 adders
  3 shadow imps
  An ooze (D:2)
  3 worms
  A dart slug (D:2)
  2 leopard geckos
  22 orcs
  9 bats
  8 giant cockroaches
  13 goblins
  12 hobgoblins
  7 jackals
  4 quokkas
  5 ball pythons
  16 frilled lizards
  A jackal skeleton (D:4)
  15 kobolds
  3 leopard gecko skeletons
  2 quokka zombies (D:8)
  20 rats
254 creatures vanquished.

Vanquished Creatures (others)
  3 plants (D:6)
3 creatures vanquished.

Grand Total: 257 creatures vanquished

Notes
Turn   | Place    | Note
-------+----------+-------------------------------------------
     0 | D:1      | CryoSword the Gargoyle Earth Elementalist began the quest
                  | for the Orb.
     0 | D:1      | Reached XP level 1. HP: 10/10 MP: 3/3
   481 | D:1      | Reached XP level 2. HP: 16/16 MP: 3/5
   839 | D:1      | Reached skill level 1 in Fighting
   906 | D:1      | Reached XP level 3. HP: 15/20 MP: 6/6
  1564 | D:2      | Learned a level 3 spell: Stone Arrow
  1567 | D:2      | Learned a level 2 spell: Passwall
  1796 | D:2      | Found a snail-covered altar of Cheibriados.
  1868 | D:2      | Found an iron altar of Okawaru.
  1996 | D:2      | Found a blossoming altar of Fedhas.
  2096 | D:2      | Reached XP level 4. HP: 25/25 MP: 4/7
  2097 | D:2      | Reached skill level 5 in Earth Magic
  2153 | D:2      | You fall into a shaft and drop 1 floor!
  2741 | D:2      | Reached XP level 5. HP: 30/30 MP: 6/8
  4002 | D:4      | Reached skill level 1 in Maces & Flails
  4004 | D:4      | Reached XP level 6. HP: 36/36 MP: 4/9
  4237 | D:4      | Found a radiant altar of Vehumet.
  4702 | D:4      | Reached XP level 7. HP: 31/41 MP: 2/10
  5371 | D:5      | Entered Level 5 of the Dungeon
  5373 | D:5      | Reached skill level 1 in Transmutations
  5386 | D:5      | Found a staircase to the Ecumenical Temple.
  5395 | Temple   | Entered the Ecumenical Temple
  5687 | D:5      | Reached skill level 1 in Conjurations
  5726 | D:5      | Found a shadowy altar of Dithmenos.
  5908 | D:5      | Noticed Ijyb
  5946 | D:5      | Killed Ijyb
  6321 | D:6      | Reached skill level 2 in Conjurations
  6324 | D:6      | Reached XP level 8. HP: 43/48 MP: 5/11
  6436 | D:6      | Reached skill level 3 in Conjurations
  6502 | D:6      | Identified the +7 quarterstaff of Extinguishment {flame,
                  | +Rage Dex+2}
  6599 | D:6      | Found a glowing drain.
  6622 | Sewer    | Entered a sewer
  7729 | D:7      | Found a burning altar of Makhleb.
  7742 | D:7      | Identified the +0 plate armour of Distant Shores {rN+
                  | Regen+}
  7770 | D:7      | Found a sparkling altar of Nemelex Xobeh.
  7770 | D:7      | Noticed a troll
  7773 | D:7      | Killed a troll
  7774 | D:7      | Reached skill level 4 in Conjurations
  7806 | D:7      | Found an opulent altar of Gozag.
  7861 | D:7      | Found a shimmering altar of Xom.
  7898 | D:7      | Reached XP level 9. HP: 50/53 MP: 14/14
  8093 | D:7      | Reached skill level 5 in Fighting
  8292 | D:7      | Found a shimmering blue altar of Sif Muna.
  8304 | D:7      | Reached skill level 5 in Conjurations
  8479 | D:7      | Learned a level 4 spell: Petrify
  8485 | D:7      | Learned a level 5 spell: Lee's Rapid Deconstruction
  8920 | D:8      | Reached skill level 6 in Conjurations
  9637 | D:9      | Noticed a troll
  9645 | D:8      | Killed a troll
  9646 | D:8      | Reached skill level 1 in Armour
  9787 | D:9      | Reached skill level 5 in Maces & Flails
  9787 | D:9      | Reached XP level 10. HP: 60/60 MP: 8/16
  9853 | D:9      | Noticed a two-headed ogre
  9858 | D:9      | Killed a two-headed ogre
  9859 | D:9      | Reached skill level 7 in Conjurations
  9961 | D:9      | Found a staircase to the Orcish Mines.
 10271 | D:9      | Noticed a two-headed ogre
 10277 | D:9      | Killed a two-headed ogre
 10278 | D:9      | Reached skill level 5 in Spellcasting
 10586 | D:5      | Became a worshipper of Dithmenos the Shadowed
 10658 | D:9      | Reached skill level 8 in Conjurations
 10821 | D:9      | Found an ancient bone altar of Kikubaaqudgha.
 11026 | D:10     | Entered Level 10 of the Dungeon
 11476 | D:10     | Noticed a two-headed ogre
 11490 | D:9      | Killed a two-headed ogre
 11491 | D:9      | Reached skill level 9 in Conjurations
 11491 | D:9      | Reached XP level 11. HP: 34/67 MP: 4/18
 11610 | D:10     | Killed an unseen horror
 12017 | D:10     | Found a hide-covered altar of Uskayaw.
 12017 | D:10     | Found an ornate altar of the Wu Jian Council.
 12017 | D:10     | Noticed a boulder beetle
 12065 | D:10     | Annihilated by a boulder beetle

Illustrated notes

Levels and vault maps discovered:
D:1:      saegor_arrival_simple_e, layout_loops_corners
D:2:      layout_loops_corners, okawaru_metal_pillars_1_2,
          kennysheep_slug_shrine, fedhas_altar_1
D:3:      minmay_chambers_of_threes, layout_basic,
          nicolae_overflow_crystal_walls, kennysheep_generic_room_9
D:4:      layout_loops_ring, marbit_many_paths, minmay_misc_feat_more_columns,
          st_stairs_4
D:5:      layout_cave_pools, grunt_dithmenos_smoke, minmay_temple_entry_waves,
          minmay_manual_mandibuliform, uniq_ijyb
D:6:      corexii_shack_village, layout_cave_pools, portal_sewer_entry_e,
          minmay_fountain_box, minmay_increasing_density
D:7:      layout_loops_ring, xom_teletrap_fun, nicolae_gozag_seed_capital,
          old_standard_altar, led_sif_book, minmay_holes,
          minmay_misc_feat_nine_boxes, nemelex_xobeh_ov_fountains_minmay
D:8:      layout_basic, abandoned_shop
D:9:      layout_irregular_city, nicolae_overflow_hidden_temple,
          kennysheep_little_box, orc_0_dummy
D:10:     layout_long_grid, nzn_masters_of_martial_movement
Temple:   minmay_temple_curvy_loop

Skill      XL: |  1  2  3  4  5  6  7  8  9 10 |
---------------+-------------------------------+-----
Earth Magic    | 4 5 6 7 8 |  8.7
Fighting       | 1 2 3 4 6 7 |  7.6
Stealth        | 3 4 |  4.0
Maces & Flails | 1 2 3 5 6 |  6.5
Transmutations | 1 2 3 |  3.0
Conjurations   | 2 4 6 9 |  9.4
Spellcasting   | 3 4 5 |  5.0
Armour         | 1 4 |  4.0
Dodging        | 3 |  3.8

Action                   |  1- 3 |  4- 6 |  7- 9 | 10-12 || total
-------------------------+-------+-------+-------+-------++-------
Melee: Spear             |    98 |   102 |       |       ||   200
       Morningstar       |       |    18 |   244 |    52 ||   314
       Unarmed           |       |       |    20 |       ||    20
Throw: Dart              |       |       |       |     2 ||     2
 Cast: Sandblast         |    25 |    53 |   117 |    34 ||   229
       Stone Arrow       |       |       |    23 |    45 ||    68
  Use: Scroll            |       |       |    10 |     5 ||    15
 Stab: Sleeping          |     8 |    12 |     5 |       ||    25
Armor: Robe              |    24 |       |       |       ||    24
       Leather armour    |     9 |    69 |    84 |       ||   162
       Troll leather arm |       |       |   111 |    79 ||   190
Dodge: Dodged            |    57 |    95 |   182 |    89 ||   423

Table legend: (Time is in decaauts)
 A = Elapsed time spent in this place.
 B = Non-inter-level travel time spent in this place.
 C = Inter-level travel time spent in this place.
 D = Time resting spent in this place.
 E = Time spent auto-exploring this place.
 F = Levels seen in this place.
 G = Mean time per level.
                   A        B        C        D        E       F      G
               +--------+--------+--------+--------+--------+-----+--------+
         Total |  12251 |  11369 |    882 |   1753 |   6998 |  12 | 1020.9 |
       Dungeon |  11409 |  10548 |    861 |   1614 |   6489 |  10 | 1140.9 |
        Temple |    211 |    190 |     21 |      0 |    181 |   1 |  211.0 |
         Sewer |    630 |    630 |      0 |    139 |    328 |   1 |  630.0 |
               +--------+--------+--------+--------+--------+-----+--------+

Top non-repeatable levels by time:
     D:1: 1536 daAuts
     D:9: 1418 daAuts
     D:2: 1416 daAuts
     D:3: 1327 daAuts
     D:4: 1299 daAuts
     D:8: 1275 daAuts
     D:6: 914 daAuts
     D:7: 840 daAuts
     D:5: 749 daAuts
    D:10: 631 daAuts
   Sewer: 630 daAuts
  Temple: 211 daAuts
